 Dungeon Crawl Stone Soup version 0.23.0-3-gf3c87f2 (webtiles) character file.

Game seed: 5070219573851390810

66 Borgoz the Sneak (level 4, -16/33 HPs)
             Began as a Ghoul Enchanter on Feb 24, 2019.
             Demolished by an ogre
             ... wielding a +0 giant club
              (23 damage)
             ... on level 2 of the Dungeon.
             The game lasted 00:04:06 (1802 turns).

Borgoz the Sneak (Ghoul Enchanter)                  Turns: 1802, Time: 00:04:07

Health: -16/33     AC:  2    Str: 11    XL:     4   Next: 15%
Magic:  2/5        EV: 12    Int: 10    God:
Gold:   152        SH:  0    Dex: 10    Spells: 3/6 levels left

rFire    . . .     SeeInvis .   a - +1 dagger
rCold    + . .     Gourm    .   (no shield)
rNeg     + + +     Faith    .   b - +0 robe
rPois    ∞         Spirit   .   (no helmet)
rElec    .         Reflect  .   (no cloak)
rCorr    .         Harm     .   (no gloves)
MR       .....                  (no boots)
Stlth    ++........             (no amulet)
HPRegen  0.00/turn              (no ring)
MPRegen  0.09/turn              (no ring)

@: rotting
A: rotting body, claws 1, carnivore, cold resistance 1, negative energy
resistance 3, inhibited regeneration, torment resistance, unbreathing
a: no special abilities


You were on level 2 of the Dungeon.
You were not hungry.

You visited 1 branch of the dungeon, and saw 3 of its levels.

You collected 152 gold pieces.

Inventory:

Hand Weapons
 a - a +1 dagger (weapon)
Missiles
 f - 15 poisoned needles
Armour
 b - a +0 robe (worn)
Scrolls
 c - a scroll of remove curse
Potions
 e - a potion of heal wounds {unknown}
 j - a potion of haste
Comestibles
 d - a ration
 g - 2 chunks of flesh


   Skills:
 * Level 2.3 Short Blades
 * Level 2.7 Dodging
 + Level 3.9 Stealth
 - Level 1.7 Spellcasting
 - Level 2.4 Hexes


You had 3 spell levels left.
You knew the following spells:

 Your Spells              Type           Power        Failure   Level  Hunger
a - Corona                Hex            #......      12%         1    ##.....
b - Ensorcelled Hibernat  Hex/Ice        #.....       30%         2    ###....

Your spell library contained the following spells:

 Spells                   Type           Power        Failure   Level  Hunger
 Confuse                  Hex            #.......     34%         3    ####...
 Tukima's Dance           Hex            #.......     34%         3    ####...
 Dazzling Spray           Conj/Hex       #.....       52%         3    ####...


Dungeon Overview and Level Annotations

Branches:
Dungeon (3/15)

Altars:


Innate Abilities, Weirdness & Mutations

Your body is rotting away.
You thrive on raw meat.
You are immune to poison.
You have sharp fingernails.
You are carnivorous and can eat meat at any time.
Your flesh is cold resistant. (rC+)
You are immune to negative energy. (rN+++)
You do not regenerate when monsters are visible.
You are immune to unholy pain and torment.
You can survive without breathing.


Message History

Aim: an ogre, wielding a +0 giant club (chance to defeat MR: 35%)
The ogre looks drowsy...
The helpless ogre fails to defend itself.
You puncture the ogre!
The ogre is heavily wounded.
The ogre hits you with a +0 giant club!!
Ouch! That really hurt!
* * * LOW HITPOINT WARNING * * *
There is a stone staircase leading down here.
Casting: Ensorcelled Hibernation (safe; 30% risk of failure)
Confirm with . or Enter, or press ? or * to list all spells.
You don't have enough magic to cast that spell.
Unknown command.
The jackal barks!
You hit the ogre.
The ogre is severely wounded.
You hear an angry hiss.
The ogre hits you with a +0 giant club!!
Ouch! That really hurt!
You die...

##.......S ##.........
###.rh.......
#####...#........
###............?.....
##...#..h............
#..#..).####.....h...
#####.##...######.......
.......(..###..O@......####
...........>..######......##.#
###(#..####.### ##........#..
###...## #÷# #...>......#
#÷...## #.# #..........#
..##.## #.### #..........#
####..# #...# #..........###..
##.# ###.# #.......[.......
#.# #.# ###.........####.


You could see an ogre and a jackal.

Vanquished Creatures
  2 adders
  An ooze (D:2)
  2 worms
  2 leopard geckos
  A ball python (D:1)
  4 bats
  2 giant cockroaches (D:1)
  3 hobgoblins
  3 jackals (D:2)
  A quokka (D:2)
  A frilled lizard (D:1)
  3 goblins (D:1)
  7 kobolds
  A quokka skeleton (D:3)
  3 rats
36 creatures vanquished.

Notes
Turn   | Place    | Note
-------+----------+-------------------------------------------
     0 | D:1      | Borgoz the Ghoul Enchanter began the quest for the Orb.
     0 | D:1      | Reached XP level 1. HP: 14/14 MP: 2/2
    23 | D:1      | Reached skill level 1 in Short Blades
    86 | D:1      | Reached XP level 2. HP: 20/20 MP: 3/3
   724 | D:2      | Reached XP level 3. HP: 8/26 MP: 4/4
  1099 | D:2      | You fall through a shaft!
  1460 | D:2      | Noticed an ogre
  1687 | D:2      | Reached XP level 4. HP: 31/33 MP: 5/5
  1749 | D:2      | Learned a level 2 spell: Ensorcelled Hibernation
  1802 | D:2      | Demolished by an ogre

Skill      XL: |  1  2  3 |
---------------+----------+-----
Short Blades   | 1 2 |  2.3
Dodging        | 2 |  2.7
Stealth        | |  3.9
Spellcasting   | |  1.7
Hexes          | |  2.4

Action                   |  1- 3 |  4- 6 || total
-------------------------+-------+-------++-------
Melee: Dagger            |   129 |    20 ||   149
 Cast: Corona            |     2 |       ||     2
       Ensorcelled Hiber |       |     2 ||     2
  Use: Scroll            |     5 |       ||     5
 Stab: Sleeping          |     9 |     2 ||    11
  Eat: Chunk             |    13 |     3 ||    16
Armor: Robe              |    25 |     4 ||    29
Dodge: Dodged            |    69 |     7 ||    76
